 Dungeon Crawl Stone Soup version 0.22-a0-348-gd16d139 (webtiles) character file.

110 vishdafish the Charmwright (level 4, -6/34 HPs)
             Began as a Demonspawn Skald on Apr 11, 2018.
             Killed by divine providence
             ... invoked by an orc priest
              (10 damage)
             ... on level 3 of the Dungeon.
             The game lasted 00:10:05 (3277 turns).

vishdafish the Charmwright (Demonspawn Skald)       Turns: 3277, Time: 00:10:06

Health: -6/34      AC:  3    Str:  8 (11) XL:     4   Next: 61%
Magic:  5/7        EV: 12    Int: 14 (15) God:
Gold:   93         SH:  0    Dex: 12 (13) Spells: 4/7 levels left

rFire    . . .     SeeInvis .   a - +0 falchion
rCold    . . .     Gourm    .   (no shield)
rNeg     . . .     Faith    .   b - +0 leather armour
rPois    .         Spirit   .   (helmet restricted)
rElec    .         Reflect  .   (no cloak)
rCorr    .         Harm     .   (no gloves)
MR       .....                  (no boots)
Stlth    +.........             c - amulet of inaccuracy (curse)
HPRegen  0.11/turn              (no ring)
MPRegen  0.10/turn              (no ring)

@: infused (expiring)
A: horns 1
a: no special abilities


You were on level 3 of the Dungeon.
You were hungry.

You visited 1 branch of the dungeon, and saw 3 of its levels.

You collected 93 gold pieces.

Inventory:

Hand Weapons
 a - a +0 falchion (weapon)
Missiles
 g - 4 tomahawks (quivered)
 l - 14 sling bullets
Armour
 b - a +0 leather armour (worn)
Jewellery
 c - a cursed amulet of inaccuracy (around neck)
 j - an uncursed amulet of guardian spirit
Scrolls
 i - 2 scrolls of fog
Potions
 e - a potion of curing
 f - a potion of brilliance
Comestibles
 d - a ration


   Skills:
 + Level 2.7 Fighting
 + Level 2.8 Long Blades
 + Level 1.5 Armour
 + Level 2.3 Dodging
 + Level 2.2 Spellcasting
 + Level 3.1 Charms


You had 4 spell levels left.
You knew the following spells:

 Your Spells              Type           Power        Failure   Level  Hunger
a - Infusion              Chrm           ##..         9%          1    #......
b - Song of Slaying       Chrm           ##......     14%         2    ###....


Dungeon Overview and Level Annotations

Branches:
Dungeon (3/15)

Altars:
Ashenzari
Sif Muna
Uskayaw
Xom
Yredelemnul


Innate Abilities, Weirdness & Mutations

You have a pair of small horns on your head.


Message History

The orc barely misses you.
You riposte.
You closely miss the orc.
The orc is moderately wounded.
The orc priest mumbles some strange prayers to Beogh against you.
Beogh smites you!
You hit the orc priest! Your headbutt misses the orc priest.
The orc priest is severely wounded.
The orc barely misses you. The orc priest hits you with a club.
You closely miss the orc priest.
You headbutt the orc priest, but do no damage.
The orc priest is severely wounded.
The orc hits you with a flail of protection.
* * * LOW HITPOINT WARNING * * *
The orc priest hits you with a club.
* * * LOW HITPOINT WARNING * * *
You barely miss the orc priest. Your headbutt misses the orc priest.
The orc priest is severely wounded.
The orc closely misses you.
The orc priest invokes the aid of Beogh against you.
Beogh smites you!
You die...

######..,, ## ***** #....#.#** <#
*,,,* ##### #....#.# ##
*,*,****####...# #....#.###
*,*,*,,,,......# #....#....
****##,*,*,*####....####......###
*,...#,*,*,,.....................
#....#,*,#######....######....###
......,,,....hlo@.........)......
#....#,**.....l#o.###.#.)...#####
#*####,**.....,#..# #.#.....# #
*,**....,,#..# #.......# *** #
*,**...,..#..#*###.....#**,,
#*****,**..,,..#...,...........,,
.,,,,,,,,.,,,..##.######.######,,
#***,*,,..##*#.#.........#<...#,,
* *,####..###l#..#*###..####.#,,


You could see an orc priest, an orc, a jackal and 2 frilled lizards.

Vanquished Creatures
  2 adders
  An ooze (D:1)
  3 dart slugs
  3 leopard geckos
  2 orcs (D:3)
  15 bats
  3 giant cockroaches (D:1)
  9 goblins
  5 hobgoblins
  6 jackals
  4 quokkas
  A ball python (D:1)
  7 frilled lizards
  3 kobolds
  8 rats (D:1)
72 creatures vanquished.

Vanquished Creatures (others)
  A hobgoblin (D:2)
1 creature vanquished.

Grand Total: 73 creatures vanquished

Notes
Turn   | Place    | Note
-------+----------+-------------------------------------------
     0 | D:1      | vishdafish the Demonspawn Skald began the quest for the Orb.
     0 | D:1      | Reached XP level 1. HP: 16/16 MP: 3/3
   173 | D:1      | Gained mutation: You have a pair of small horns on your head. [demonic ancestry]
   173 | D:1      | Reached XP level 2. HP: 6/22 MP: 0/5
   463 | D:1      | Reached skill level 1 in Armour
   837 | D:1      | Reached XP level 3. HP: 26/28 MP: 6/6
  1549 | D:1      | Learned a level 2 spell: Song of Slaying
  1559 | D:2      | Noticed an ogre
  1847 | D:2      | Reached skill level 3 in Charms
  2024 | D:3      | Reached XP level 4. HP: 17/34 MP: 1/7
  2063 | D:2      | HP: 1/34 [bat (1)]
  2932 | D:2      | Found a shattered altar of Ashenzari.
  2945 | D:2      | Found a basalt altar of Yredelemnul.
  2945 | D:2      | Found a shimmering altar of Xom.
  2946 | D:2      | Found a deep blue altar of Sif Muna.
  2965 | D:2      | Found a hide-covered altar of Uskayaw.
  3277 | D:3      | Killed from afar by an orc priest

Vault maps used:
D:1:      dpeg_arrival_subterranean_lakeside_camping
D:2:      minitemple, serial_forest, infiniplex_forest_straight_4,
          infiniplex_forest_lined_room_3, infiniplex_forest_lined_2,
          infiniplex_forest_clump_double, infiniplex_forest_end_3,
          infiniplex_forest_lined_4_way, infiniplex_forest_straight_5,
          infiniplex_forest_lined_2
D:3:      uniq_natasha

Skill      XL: |  1  2  3 |
---------------+----------+-----
Long Blades    | 2 |  2.8
Armour         | 1 |  1.5
Dodging        | 2 |  2.3
Charms         | 3 |  3.1
Fighting       | |  2.7
Spellcasting   | |  2.2

Action                   |  1- 3 |  4- 6 || total
-------------------------+-------+-------++-------
Melee: Falchion          |   149 |    70 ||   219
       Headbutt          |    28 |    12 ||    40
 Cast: Infusion          |     4 |     2 ||     6
  Use: Scroll            |     6 |     1 ||     7
       Potion            |     2 |     3 ||     5
  Eat: Chunk             |     3 |     1 ||     4
       Ration            |       |     1 ||     1
Armor: Leather armour    |    66 |    29 ||    95
Dodge: Dodged            |   141 |    88 ||   229
       Rpst.: Falchion   |    37 |    28 ||    65

Table legend:
 A = Spawn XP
 B = Non-spawn XP
 C = Spawn XP percentage of total XP
 D = Spawn monster count
 E = Non-spawn monster count
 F = Spawn count percentage of total count
 G = Total turns spent on level
                    A         B        C        D         E        F      G
               +---------+---------+-------+---------+---------+-------+---------
         Total |       0 |     158 |   0.0 |       0 |      73 |   0.0 |  3277
               +---------+---------+-------+---------+---------+-------+---------
           D:1 |       0 |      72 |   0.0 |       0 |      41 |   0.0 |  1933
           D:2 |       0 |      48 |   0.0 |       0 |      18 |   0.0 |  1065
           D:3 |       0 |      38 |   0.0 |       0 |      14 |   0.0 |   279
               +---------+---------+-------+---------+---------+-------+---------
